 Dungeon Crawl Stone Soup version 0.29-a0-337-g68df138881 (webtiles) character file.

Game seed: 5137094317822307937

39 zishaf the Chiller (level 3, 0/22 HPs)
             Began as an Octopode Ice Elementalist on Apr 16, 2022.
             Was a Follower of Nemelex Xobeh.
             Frozen to death by an endoplasm (4 damage)
             ... on level 2 of the Dungeon.
             The game lasted 00:01:35 (1626 turns).

zishaf the Chiller (Octopode Ice Elementalist)      Turns: 1626, Time: 00:01:36

Health: 0/22       AC:  1    Str:  7    XL:     3   Next: 47%
Magic:  5/6        EV: 13    Int: 19    God:    Nemelex Xobeh [*.....]
Gold:   26         SH:  0    Dex: 12    Spells: 5/6 levels left

rFire   . . .      SeeInvis .   b - +0 dagger
rCold   . . .      Faith    .   (no shield)
rNeg    . . .      Spirit   .   (helmet restricted)
rPois   .          Reflect  .   (no amulet)
rElec   .          Harm     .   (no ring)
rCorr   .          Rampage  .   (no ring)
Will    .....                   (no ring)
Stlth   +++.......              (no ring)
HPRegen 0.07/turn               (no ring)
MPRegen 0.10/turn               (no ring)
                                (no ring)
                                (no ring)

@: no status effects
A: almost no armour, amphibious, 8 rings, camouflage 1, gelatinous body 1,
(nimble swimmer 1), tentacles
a: Renounce Religion, Draw Escape, Draw Destruction, Draw Summoning


You were on level 2 of the Dungeon.
You worshipped Nemelex Xobeh.
Nemelex Xobeh was aware of your devotion.
You visited 1 branch of the dungeon, and saw 2 of its levels.

You collected 26 gold pieces.

Inventory:

Hand Weapons
 b - a +0 dagger (weapon)
Missiles
 g - 4 curare-tipped darts
Scrolls
 c - 2 scrolls of identify {unknown}
 d - a scroll of fear {unknown}
 f - a scroll of magic mapping {unknown}
 h - a scroll of fog {unknown}
Potions
 a - 2 potions of magic
 e - 2 potions of haste {unknown}


   Skills:
 + Level 0.8 Fighting
 - Level 2.3 Dodging
 - Level 3.1 Stealth
 - Level 2.2 Spellcasting
 + Level 4.3 Ice Magic
 + Level 1.1 Invocations


You had 5 spell levels left.
You knew the following spells:

 Your Spells              Type           Power      Damage    Failure   Level
a - Freeze                Ice            72%        1d9       2%          1

Your spell library contained the following spells:

 Spells                   Type           Power      Damage    Failure   Level
 Frozen Ramparts          Ice            36%        1d5       9%          3
 Ozocubu's Armour         Ice            18%        N/A       9%          3
 Ensorcelled Hibernation  Hex/Ice        20%        N/A       11%         2
 Passwall                 Tmut/Erth      1%         N/A       26%         2
 Swiftness                Air            2%         N/A       45%         3
 Hailstorm                Conj/Ice       10%        3d5       56%         4


Dungeon Overview and Level Annotations

Branches:
Dungeon (2/15)

Altars:
Nemelex Xobeh


Innate Abilities, Weirdness & Mutations

You cannot wear most types of armour.
You are amphibious.
You can wear up to eight rings at the same time.
Your skin changes colour to match your surroundings (Stealth+).
Your rubbery body absorbs attacks. (AC +1, EV +1)
((You are camouflaged when in or above water. (Stealth+)))
You have tentacles for arms and can constrict up to eight enemies at once.


Message History

The jackal barely misses you. The bat closely misses you.
You hit the jackal but do no damage. You grab the jackal.
You squeeze the jackal.
The jackal is almost dead.
You constrict the jackal, but do no damage.
The bat hits you. The jackal bites you. The jackal closely misses you.
You hit the jackal.
You kill the jackal!
The bat misses you. The bat barely misses you.
You barely miss the bat. You grab the bat.
The bat is heavily wounded.
You constrict the bat. The bat misses you.
The bat struggles to escape constriction.
The bat escapes!
You hit the bat.
You kill the bat!
Found a fuming brown potion.
Things that are here:
a +4 dagger; 3 stones You see here a jackal corpse.
You hit the endoplasm but do no damage.
Your tentacle-slap misses the endoplasm.
The endoplasm freezes you.
You are frozen.
* * * LOW HITPOINT WARNING * * *
You hit the endoplasm.
The endoplasm is severely wounded.
The endoplasm hits you.
* * * LOW HITPOINT WARNING * * *
Casting: Freeze (safe; 2% risk of failure)
Confirm with . or Enter, or press ? or * to list all spells.
Aiming: Freeze (safe; 2% risk of failure)
Press: ? - help, Shift-Dir - straight line, f - endoplasm
Aim: an endoplasm (severely wounded)
You freeze the endoplasm.
The endoplasm is almost dead.
The endoplasm freezes you.
You are frozen.
You die...
Your body glows slightly and disappears.

.......# ..
......##..
.......... ..
#......... ...
#..?.... ...##
#>.... . ...
#...#
..###.##.J.# ###
!.......@.##...#.
#......†........
#.....).........
#...............
.................
##...............
#........##.....
#.....#### #....
###### ....


You could see an endoplasm.

Vanquished Creatures
  A gnoll (D:1)
  A dart slug (D:1)
  2 endoplasms (D:1)
  A giant cockroach (D:1)
  2 goblins (D:1)
  2 hobgoblins (D:1)
  A jackal (D:2)
  6 kobolds
  A quokka (D:1)
  2 ball pythons (D:1)
  3 bats
  2 frilled lizards (D:1)
  2 rats (D:1)
26 creatures vanquished.

Notes
Turn   | Place    | Note
-------+----------+-------------------------------------------
     0 | D:1      | zishaf the Octopode Ice Elementalist began the quest for
                  | the Orb.
     0 | D:1      | Reached XP level 1. HP: 11/11 MP: 3/3
   286 | D:1      | Reached XP level 2. HP: 17/17 MP: 5/5
   394 | D:1      | Found a faded altar of an unknown god.
   452 | D:1      | Prayed at the altar of an unknown god.
   452 | D:1      | Became a worshipper of Nemelex Xobeh the Trickster
   452 | D:1      | Reached * piety under Nemelex Xobeh
   673 | D:1      | Received a gift from Nemelex Xobeh
   965 | D:1      | Reached XP level 3. HP: 3/22 MP: 4/6
  1313 | D:1      | Reached skill level 1 in Invocations
  1626 | D:2      | Frozen to death by an endoplasm

Illustrated notes

Levels and vault maps discovered:
D:1:      minmay_arrival_shattered_statue, layout_loops_corners,
          shapermc_ecumenical_altar_totnotflames
D:2:      layout_rooms

Skill      XL: |  1  2  3 |
---------------+----------+-----
Stealth        | 3 |  3.1
Invocations    | 1 |  1.1
Fighting       | |  0.8
Dodging        | |  2.3
Spellcasting   | |  2.2
Ice Magic      | |  4.3

Action                   || total
-------------------------++-------
Melee: Dagger            ||    57
       Constrict         ||    12
       Tentacles         ||     8
 Cast: Freeze            ||    14
 Stab: Sleeping          ||     8
Armor: Skin              ||    11
Dodge: Dodged            ||    65

Table legend: (Time is in decaauts)
 A = Elapsed time spent in this place.
 B = Non-inter-level travel time spent in this place.
 C = Inter-level travel time spent in this place.
 D = Time resting spent in this place.
 E = Time spent auto-exploring this place.
 F = Levels seen in this place.
 G = Mean time per level.
                   A        B        C        D        E       F      G
               +--------+--------+--------+--------+--------+-----+--------+
         Total |   1625 |   1567 |     58 |    263 |   1098 |   2 |  812.5 |
       Dungeon |   1625 |   1567 |     58 |    263 |   1098 |   2 |  812.5 |
               +--------+--------+--------+--------+--------+-----+--------+

Top non-repeatable levels by time:
     D:1: 1598 daAuts
     D:2: 26 daAuts
